 Dungeon Crawl Stone Soup version 0.28-a0-1447-ga5a8893891 (webtiles) character file.

Game seed: 7204838386120600753

994434 gimp the Bringer of Law (level 27, -14/247 (273) HPs)
             Began as a Hill Orc Fighter on Jan 10, 2022.
             Was the Champion of Zin.
             Killed from afar by an elemental wellspring (45 damage)
             ... with a torrent of water
             ... on level 6 of Cocytus on Jan 11, 2022.
             The game lasted 05:09:14 (126976 turns).

gimp the Bringer of Law (Hill Orc Fighter)        Turns: 126976, Time: 05:09:14

HP:   -14/247 (273) AC: 38    Str: 33    XL:     27
MP:   49/49         EV: 23    Int:  6    God:    Zin [******]
Gold: 3038          SH: 27    Dex: 20    Spells: 26/26 levels left

rFire   + + +      SeeInvis +   b - +9 broad axe (holy)
rCold   + + +      Faith    .   w - +1 tower shield
rNeg    + + +      Spirit   .   U - +9 plate armour of Insecurity {rC+ SInv}
rPois   +          Reflect  .   v - -2 hat of the Alchemist {rElec rPois rF+ rC+ rN+ Will+ rMut rCorr}
rElec   +          Harm     .   y - +2 cloak {Will+}
rCorr   +          Rampage  .   j - -1 pair of gloves of the Distant Future {rElec rN++ Stlth+}
rMut    +                       J - +2 pair of boots
Will    +++++                   W - macabre finger necklace {rN+}
Stlth   ..........              Z - ring of Yxuniam {rElec rF+ Will+ MP+9 Slay+4}
HPRegen 0.51/turn               e - ring of Ashenzari's Reproof {Fly rElec rC+ Will+ Dex+6}
MPRegen 0.31/turn               C - ring of Tender Moments {rF+ rC++ Will+ Str+4 Int-2}

@: engulfed (cannot breathe), flying, studying 4 skills, drained, frozen potions
A: no striking features
}: 11/15 runes: decaying, slimy, silver, bone, abyssal, demonic, glowing,
magical, fiery, dark, gossamer
a: Renounce Religion, Recite, Vitalisation, Imprison, Sanctuary, Donate Gold


You were on level 6 of Cocytus.
You worshipped Zin.
Zin was exalted by your worship.
You visited 15 branches of the dungeon, and saw 71 of its levels.
You visited Pandemonium 2 times, and saw 11 of its levels.
You visited the Abyss 6 times.
You visited 1 ziggurat, and saw 17 of its levels.
You also visited: Trove, Sewer, Bailey, Gauntlet, Ice Cave, Volcano and Wizlab.

You collected 13957 gold pieces.
You spent 5149 gold pieces at shops.
You donated 5770 gold pieces to Zin.

Inventory:

Hand Weapons
 a - a +9 broad axe of freezing
 b - a +9 broad axe of holy wrath (weapon)
Missiles
 c - 16 silver javelins (quivered)
 f - 22 javelins
 x - 3 throwing nets
 G - 28 curare-tipped darts
Armour
 j - the -1 pair of gloves of the Distant Future (worn) {rElec rN++ Stlth+}
   (You found it on level 14 of a ziggurat)

   rElec:     It insulates you from electricity.
   rN:        It greatly protects you from negative energy.
   Stlth:     It makes you more stealthy.
 v - the -2 hat of the Alchemist (worn) {rElec rPois rF+ rC+ rN+ Will+ rMut rCorr}
   (You found it on level 3 of the Depths)

   rF:        It protects you from fire.
   rC:        It protects you from cold.
   rElec:     It insulates you from electricity.
   rPois:     It protects you from poison.
   rN:        It protects you from negative energy.
   rCorr:     It protects you from acid and corrosion.
   rMut:      It protects you from mutation.
   Will:      It increases your willpower.
 w - a +1 tower shield (worn)
 y - a +2 cloak of willpower (worn)
 H - +4 gold dragon scales
 J - a +2 pair of boots (worn)
 U - the +9 plate armour of Insecurity (worn) {rC+ SInv}
   (You found it on level 17 of a ziggurat)

   rC:        It protects you from cold.
   SInv:      It lets you see invisible.
 Y - a +2 pair of gloves of dexterity
Jewellery
 e - the ring of Ashenzari's Reproof (right hand) {Fly rElec rC+ Will+ Dex+6}
   (You took it off a white draconian on level 4 of the Realm of Zot)

   [ring of dexterity]

   Dex:       It affects your dexterity (+6).
   rC:        It protects you from cold.
   rElec:     It insulates you from electricity.
   Fly:       It grants you flight.
   Will:      It increases your willpower.
 k - the ring "Vujohon" {rElec rC+ Str+4 Int+6}
   (You took it off a fire giant on level 3 of the Depths)

   [ring of intelligence]

   Str:       It affects your strength (+4).
   Int:       It affects your intelligence (+6).
   rC:        It protects you from cold.
   rElec:     It insulates you from electricity.
 q - the ring "Qifak" {Dex+6 SInv}
   (You took it off a minotaur in a Gauntlet)

   [ring of see invisible]

   Dex:       It affects your dexterity (+6).
   SInv:      It lets you see invisible.
 r - the amulet "Ocwugie" {Acrobat rF- rC+++ Str+8}
   (You acquired it on level 4 of the Vaults)

   [amulet of the acrobat]

   It increases your evasion while moving and waiting.
   Str:       It affects your strength (+8).
   rF:        It makes you vulnerable to fire.
   rC:        It renders you almost immune to cold.
 B - the ring of Jealousy {rElec rN+ Str+3 Int+2}
   (You found it on level 10 of a ziggurat)

   [ring of positive energy]

   Str:       It affects your strength (+3).
   Int:       It affects your intelligence (+2).
   rElec:     It insulates you from electricity.
   rN:        It protects you from negative energy.
 C - the ring of Tender Moments (on amulet) {rF+ rC++ Will+ Str+4 Int-2}
   (You found it on level 13 of a ziggurat)

   [ring of willpower]

   Str:       It affects your strength (+4).
   Int:       It affects your intelligence (-2).
   rF:        It protects you from fire.
   rC:        It greatly protects you from cold.
   Will:      It increases your willpower.
 P - the ring "Woylotam" {rF+ rN+ Str+6 Int-5 Dex+3}
   (You bought it in a shop on level 2 of the Elven Halls)

   [ring of strength]

   Str:       It affects your strength (+6).
   Int:       It affects your intelligence (-5).
   Dex:       It affects your dexterity (+3).
   rF:        It protects you from fire.
   rN:        It protects you from negative energy.
 T - the amulet of Scepticism {Reflect rF+++ SH+5}
   (You found it in a Gauntlet)

   [amulet of reflection]

   It reflects blocked missile attacks.
   rF:        It renders you almost immune to fire.
   SH:        It affects your SH (+5).
 W - the macabre finger necklace (around neck) {rN+}
   (You found it on level 17 of a ziggurat)

   [amulet of nothing]

   It enables you to equip an extra ring.
   rN:        It protects you from negative energy.
 Z - the ring of Yxuniam (left hand) {rElec rF+ Will+ MP+9 Slay+4}
   (You bought it in a shop on level 3 of the Vaults)

   [ring of slaying]

   Slay:      It affects your accuracy & damage with ranged weapons and melee
   (+4).
   rF:        It protects you from fire.
   rElec:     It insulates you from electricity.
   MP:        It affects your magic capacity (+9).
   Will:      It increases your willpower.
Wands
 m - a wand of digging (36)
 o - a wand of acid (46)
 F - a wand of flame (140)
 L - a wand of iceblast (15)
 R - a wand of charming (8)
Scrolls
 h - 11 scrolls of fog
 i - 5 scrolls of fear
 n - 2 scrolls of summoning
 p - 33 scrolls of teleportation
 D - 7 scrolls of magic mapping
 I - 4 scrolls of holy word
 M - 11 scrolls of blinking
 Q - 6 scrolls of silence
Potions
 d - 18 potions of might
 l - a potion of heal wounds
 t - 6 potions of ambrosia
 u - 14 potions of curing
 z - 15 potions of mutation
 A - 6 potions of invisibility
 E - 8 potions of magic
 N - 4 potions of haste
 O - a potion of flight
 V - 5 potions of resistance
Miscellaneous
 g - a phial of floods
 s - a phantom mirror
 K - a lightning rod (4/4)
 S - a tin of tremorstones (inert)


   Skills:
 O Level 27 Fighting
 O Level 27 Axes
 + Level 13.2 Throwing
 O Level 27 Armour
 + Level 21.8 Dodging
 O Level 27 Shields
 O Level 27 Invocations
 + Level 17.3 Evocations


You had 26 spell levels left.
You didn't know any spells.
Your spell library contained the following spells:

 Spells                   Type           Power      Damage    Failure   Level
 Apportation              Tloc           0%         N/A       77%         1
 Foxfire                  Conj/Fire      0%         2x1d4     77%         1
 Magic Dart               Conj           0%         1d3       77%         1
 Pain                     Necr           0%         1d4       77%         1
 Sandblast                Erth           0%         2d4       77%         1
 Shock                    Conj/Air       0%         1d3       77%         1
 Slow                     Hex            0%         N/A       77%         1
 Blink                    Tloc           0%         N/A       88%         2
 Call Imp                 Summ           0%         N/A       88%         2
 Corpse Rot               Necr/Air       0%         N/A       88%         2
 Ensorcelled Hibernation  Hex/Ice        0%         N/A       88%         2
 Passwall                 Tmut/Erth      0%         N/A       88%         2
 Scorch                   Fire           0%         2d5       88%         2
 Static Discharge         Conj/Air       0%         N/A       88%         2
 Sublimation of Blood     Necr           0%         N/A       88%         2
 Call Canine Familiar     Summ           0%         N/A       98%         3
 Confusing Touch          Hex            0%         N/A       98%         3
 Conjure Flame            Conj/Fire      0%         6-21      98%         3
 Dazzling Flash           Conj/Hex       0%         N/A       98%         3
 Frozen Ramparts          Ice            0%         1d2       98%         3
 Gell's Gravitas          Tloc           0%         N/A       98%         3
 Ignite Poison            Fire/Tmut/Pois 0%         N/A       98%         3
 Inner Flame              Hex/Fire       0%         N/A       98%         3
 Lesser Beckoning         Tloc           0%         N/A       98%         3
 Mephitic Cloud           Conj/Pois/Air  0%         N/A       98%         3
 Ozocubu's Armour         Ice            0%         N/A       98%         3
 Portal Projectile        Hex/Tloc       0%         N/A       98%         3
 Spider Form              Tmut/Pois      0%         N/A       98%         3
 Stone Arrow              Conj/Erth      0%         3d7       98%         3
 Summon Guardian Golem    Hex/Summ       0%         N/A       98%         3
 Swiftness                Air            0%         N/A       98%         3
 Teleport Other           Tloc           0%         N/A       98%         3
 Tukima's Dance           Hex            0%         N/A       98%         3
 Vampiric Draining        Necr           0%         2d6       98%         3
 Airstrike                Air            0%         N/A       100%        4
 Anguish                  Hex/Necr       0%         N/A       100%        4
 Animate Dead             Necr           0%         N/A       100%        4
 Cause Fear               Hex            0%         N/A       100%        4
 Dispel Undead            Necr           0%         3d6       100%        4
 Flame Wave               Conj/Fire      0%         2d4       100%        4
 Fulminant Prism          Conj/Hex       0%         3d6       100%        4
 Hailstorm                Conj/Ice       0%         3d3       100%        4
 Ice Form                 Ice/Tmut       0%         N/A       100%        4
 Iskenderun's Mystic Bla  Conj/Tloc      0%         2d3       100%        4
 Leda's Liquefaction      Hex/Erth       0%         N/A       100%        4
 Olgreb's Toxic Radiance  Pois           0%         N/A       100%        4
 Passage of Golubria      Tloc           0%         N/A       100%        4
 Petrify                  Tmut/Erth      0%         N/A       100%        4
 Sticky Flame             Conj/Fire      0%         2d3       100%        4
 Summon Ice Beast         Ice/Summ       0%         N/A       100%        4
 Summon Lightning Spire   Summ/Air       0%         N/A       100%        4
 Agony                    Necr           0%         N/A       100%        5
 Alistair's Intoxication  Tmut/Pois      0%         N/A       100%        5
 Blade Hands              Tmut           0%         N/A       100%        5
 Borgnjor's Vile Clutch   Necr/Erth      0%         N/A       100%        5
 Excruciating Wounds      Necr           0%         N/A       100%        5
 Fireball                 Conj/Fire      0%         3d3       100%        5
 Freezing Cloud           Conj/Ice/Air   0%         6-21      100%        5
 Irradiate                Conj/Tmut      0%         3d13      100%        5
 Iskenderun's Battlesphe  Conj           0%         2d6       100%        5
 Lee's Rapid Deconstruct  Erth           0%         3d5*      100%        5
 Lightning Bolt           Conj/Air       0%         1d11      100%        5
 Manifold Assault         Tloc           0%         N/A       100%        5
 Metabolic Englaciation   Hex/Ice        0%         N/A       100%        5
 Silence                  Hex/Air        0%         N/A       100%        5
 Summon Forest            Summ/Tloc      0%         N/A       100%        5
 Conjure Ball Lightning   Conj/Air       0%         3x3d6     100%        6
 Death Channel            Necr           0%         N/A       100%        6
 Dispersal                Tloc           0%         N/A       100%        6
 Eringya's Noxious Bog    Tmut/Pois      0%         N/A       100%        6
 Simulacrum               Ice/Necr       0%         N/A       100%        6
 Starburst                Conj/Fire      0%         6d3       100%        6
 Statue Form              Tmut/Erth      0%         N/A       100%        6
 Summon Cactus Giant      Summ           0%         N/A       100%        6
 Dragon Form              Tmut           0%         N/A       100%        7
 Enfeeble                 Hex            0%         N/A       100%        7
 Haunt                    Necr/Summ      0%         N/A       100%        7
 Orb of Destruction       Conj           0%         N/A       100%        7
 Ozocubu's Refrigeration  Ice            0%         4d5       100%        7
 Spellforged Servitor     Conj/Summ      0%         N/A       100%        7
 Storm Form               Tmut/Air       0%         N/A       100%        7
 Summon Hydra             Summ           0%         N/A       100%        7
 Discord                  Hex            0%         N/A       100%        8
 Disjunction              Tloc           0%         N/A       100%        8
 Ignition                 Fire           0%         3d3       100%        8
 Infestation              Necr           0%         N/A       100%        8
 Lehudib's Crystal Spear  Conj/Erth      0%         10d2      100%        8
 Maxwell's Capacitive Co  Air            0%         ∞         100%        8
 Dragon's Call            Summ           0%         N/A       100%        9
 Polar Vortex             Ice            0%         N/A       100%        9


Dungeon Overview and Level Annotations

Branches:
Dungeon (15/15)            Temple (1/1) D:4            Lair (6/6) D:9
  Swamp (4/4) Lair:4       Spider (4/4) Lair:3        Slime (5/5) Lair:6
    Orc (2/2) D:11            Elf (3/3) Orc:2        Vaults (5/5) D:13
  Crypt (3/3) Vaults:3       Tomb (0/3) Crypt:3      Depths (4/4) D:15
   Hell (visited)             Dis (0/7) Hell            Geh (0/7) Hell
    Coc (6/7) Hell            Tar (7/7) Hell            Zot (5/5) Depths:4
  Sewer (visited)          Bailey (visited)           IceCv (visited)
Volcano (visited)          WizLab (visited)         Gauntlet (visited)

Altars:
Ashenzari
Cheibriados
Dithmenos
Elyvilon
Fedhas
Gozag
Hepliaklqana
Kikubaaqudgha
Makhleb
Nemelex Xobeh
Okawaru
Qazlal
Ru
Sif Muna
Trog
Uskayaw
Vehumet
Wu Jian
Xom
Yredelemnul
Zin
The Shining One
Beogh
Lugonu

Shops:
Orc:1 ?   Orc:2 **(*(   Elf:2 =*   Vaults:1 (   Vaults:2 :   Vaults:3 =:
Depths:2 ![![:*   Depths:4 :==(

Portals:
Hell: Lair:6 Depths:1 Depths:2 Depths:3 Depths:4
Abyss: Slime:4 Depths:1 Depths:3
Pandemonium: Depths:2 Depths:4

Annotations:
D:12 1 runed translucent door, Juskeos's ghost, journeyman TrBe
Swamp:2 1 runed translucent door, herbaltea's ghost, adept FoAK
Spider:1 1 runed translucent door, riojii's ghost, adept DrTm
Spider:3 Roxanne
Vaults:3 3 runed translucent doors, Lisoumnu's ghost, adept VSBe
Crypt:1 2 transporters
Zot:5 1 runed translucent door, 1 exclusion, Meadakhi's ghost, master DgEE


Message History

You hit the water elemental.
The water elemental is severely damaged.
You slice the Ice Fiend!!
The Ice Fiend convulses!
You slash the water elemental! You slice the elemental wellspring!!
You hit the water elemental but do no damage.
* * * LOW HITPOINT WARNING * * *
Your lungs strain for air!
The water elemental disappears in a puff of smoke! x2
The Ice Fiend completely misses you. You block the Ice Fiend's attack.
Water spirits pour forth from the elemental wellspring!
You take 4 damage, and have 65/247 hp.
You closely miss the elemental wellspring.
The elemental wellspring is moderately damaged.
You barely miss the water elemental. You slash the Ice Fiend!
The Ice Fiend convulses!
You slash the water elemental!
* * * LOW HITPOINT WARNING * * *
Your lungs strain for air!
You block the water elemental's attack. x2; The Ice Fiend claws you.
* * * LOW HITPOINT WARNING * * *
The Ice Fiend freezes you! You resist.
* * * LOW HITPOINT WARNING * * *
You block the Ice Fiend's attack.
Water spirits pour forth from the elemental wellspring!
You take 14 damage, and have 51/247 hp.
Okay, then.
You slip free of the water engulfing you.
* * * LOW HITPOINT WARNING * * *
Your lungs strain for air!
The water elemental disappears in a puff of smoke!
You block the water elemental's attack.
The water elemental completely misses you.
A torrent of water rises up through the elemental wellspring!
The torrent of water passes through the water elemental.
You block the torrent of water.
The wave splashes down.
The Ice Fiend calls on the powers of darkness!
Your body is wracked with pain!
* * * LOW HITPOINT WARNING * * *
A torrent of water rises up through the elemental wellspring!
The torrent of water hits you!!!
You die...

#......#....#. ≈
.....>........≈≈
........#....#≈≈≈
#.#........#..≈##
......#.≈≈≈≈..≈≈#
........≈≈≈≈≈≈≈≈#
......#E1E§#
#.≈≈EE≈# ###E@E##
#≈≈E≈# #≈E§##
#≈≈≈# ≈≈≈## #≈≈≈#
≈≈#≈# ####≈# ###


You could see an Ice Fiend, 2 elemental wellsprings and 6 water elementals.

Vanquished Creatures
  Cerebov (Pan)
  the Royal Jelly (Slime:5)
  Gloorx Vloq (Pan)
  Ereshkigal (Tar:7)
  Lom Lobon (Pan)
  Mnoleg (Pan)
  7 dread liches
  9 ancient liches
  2 orbs of fire
  Mara (Spider:2)
  6 juggernauts
  A royal mummy (Zig:16)
  5 pandemonium lords
  Bai Suzhen (Crypt:1)
  4 shard shrikes (Coc:5)
  8 Killer Klowns
  6 curse toes
  Geryon (Hell)
  3 caustic shrikes
  11 golden dragons
  8 profane servitors
  23 bone dragons
  7 doom hounds
  A shard shrike zombie (Abyss:2)
  13 Tzitzimimeh
  8 iron giants
  3 hellephants
  18 tentacled monstrosities
  2 Brimstone Fiends (Pan)
  Jorgrun (D:12)
  5 Hell Sentinels
  3 Orb Guardians (Zot:4)
  9 deep elf blademasters
  A walking earthen tome (Depths:2)
  5 Ice Fiends
  10 tainted leviathans
  A quicksilver dragon (Zot:2)
  6 deep elf master archers
  26 titans
  A walking divine tome (Depths:2)
  17 liches
  An eldritch tentacle (Pan)
  22 Executioners
  8 sphinxes
  7 ancient champions
  22 acid blobs
  A thorn hunter (Swamp:4)
  34 tentacled starspawn
  9 death cobs
  10 shadow dragons
  12 draconian monks
  8 tengu reavers
  9 storm dragons
  A revenant (Crypt:1)
  7 nagarajas
  11 azure jellies
  2 daevas
  14 rockslimes
  5 narguns
  22 fire giants
  A spectral juggernaut (Tar:3)
  10 deep elf sorcerers
  Aizul (Spider:3)
  A caustic shrike zombie (Zig:10)
  10 demonspawn warmongers
  2 quicksilver elementals (Zig:12)
  11 ghost moths
  3 iron dragons
  11 draconian knights
  A fenstrider witch (shapeshifter) (Zig:6)
  23 balrugs
  24 frost giants
  14 cacodemons
  7 deep elf elementalists
  5 draconian shifters
  10 emperor scorpions
  2 ghouls (D:15)
  A juggernaut zombie (Depths:3)
  10 draconian stormcallers
  12 vault wardens
  4 orc warlords
  7 draconian scorchers
  9 curse skulls
  7 demonspawn blood saints (Pan)
  14 reapers
  5 spriggan defenders
  5 shard shrike simulacra
  22 ironbound preservers
  2 juggernaut skeletons (Zig:16)
  2 angels
  11 quicksilver oozes
  7 draconian annihilators
  2 ophanim
  2 broodmothers
  5 ironbound thunderhulks
  43 very ugly things
  2 caustic shrike skeletons (Depths:3)
  11 war gargoyles
  A demonspawn corrupter (Pan)
  6 vampire knights
  22 stone giants
  2 bennus (Zig:16)
  3 eleionomae
  8 deep elf annihilators
  16 putrid mouths
  9 deep elf demonologists
  3 elemental wellsprings
  7 green draconians
  3 wendigos
  Azrael (D:15)
  20 purple draconians
  21 red draconians
  13 white draconians
  3 demonspawn black suns (Pan)
  14 lorocyprocas
  12 yellow draconians
  17 black draconians
  10 spark wasps
  A minotaur (Gauntlet)
  7 dire elephants
  10 blizzard demons (Pan)
  9 deep elf death magi
  3 bunyips
  9 eidola
  9 entropy weavers
  3 iron golems (Zig:12)
  Snorg (D:10)
  A quicksilver dragon zombie (Zig:16)
  3 jiangshi (Crypt:3)
  2 spectral quicksilver dragons
  2 crystal guardians
  9 statues (WizLab)
  4 shambling mangroves (Swamp:4)
  3 merfolk impalers (Zig:15)
  14 ettins
  10 fire dragons
  7 mummy priests
  18 green deaths
  8 deep elf high priests
  13 yaktaur captains
  7 caustic shrike simulacra
  8 spriggan zombies
  5 boulder beetles
  13 great orbs of eyes
  18 ice dragons
  A juggernaut simulacrum (Coc:4)
  35 vault guards
  A ghost crab (Swamp:1)
  20 hydras
  A quicksilver dragon skeleton (Zig:16)
  4 spriggan air magi
  A spectral spriggan (Tar:6)
  Erolcha (D:10)
  A fenstrider witch zombie (Crypt:3)
  12 rakshasas
  3 hell beasts
  5 naga warriors
  3 radroaches
  2 death knights
  12 ironbound frosthearts
  An ogre mage (Vaults:5)
  10 salamander tyrants (Zig:17)
  An anaconda (Zig:3)
  5 jorogumos
  2 alligator snapping turtles (Zig:15)
  5 merfolk aquamancers (Zig:15)
  A two-headed ogre (shapeshifter) (Zig:8)
  17 centaur warriors
  5 two-headed ogres
  11 alligators
  36 dancing weapons
  A death scarab (Zig:10)
  10 tengu warriors
  46 thrashing horrors
  10 hell hogs
  11 vampire magi
  3 deep troll earth magi
  5 deep troll shamans
  11 orc high priests
  3 naga sharpshooters (Zig:17)
  2 titan zombies
  2 shock serpents (Zig:17)
  14 deep elf knights
  33 hell knights
  9 spriggan berserkers
  48 sun demons
  20 soul eaters
  18 shadow wraiths
  A spectral catoblepas (Tar:1)
  A storm dragon zombie (Crypt:3)
  38 wretched stars
  4 salamander mystics
  28 sixfirhies
  2 crystal echidnas (Zig:12)
  16 skeletal warriors
  2 iron trolls
  13 spatial maelstroms
  2 titan skeletons
  A golden dragon zombie (Hell)
  7 pharaoh ants
  3 spectral anacondas
  72 deep trolls
  A spectral iron dragon (Tar:1)
  A spectral bunyip (Tar:2)
  A death drake (shapeshifter) (Vaults:5)
  A deep troll (shapeshifter) (Vaults:5)
  8 steelbarb worms
  A storm dragon skeleton (Zig:16)
  4 goliath frogs
  10 spriggan druids
  2 quicksilver dragon simulacra
  A sun moth (Spider:2)
  9 glowing orange brains
  8 shadow demons
  A kraken simulacrum (Hell)
  A sea snake (shapeshifter) (Abyss:3)
  2 sea snakes (Zig:15)
  2 naga ritualists (Zig:17)
  A bunyip zombie (Abyss:3)
  6 bog bodies
  11 orb spiders
  4 spriggan simulacra
  A fenstrider witch simulacrum (Coc:2)
  3 spectral hydras
  6 deep elf archers
  2 obsidian statues
  3 harpies (Vaults:1)
  21 wizards
  An orange crystal statue (Zig:14)
  2 sphinx zombies
  20 necromancers
  6 phantasmal warriors
  9 flayed ghosts
  2 lindwurms (Vaults:1)
  7 orc knights
  19 ironbound convokers
  A lindwurm (shapeshifter) (Vaults:5)
  A bunyip skeleton (Abyss:1)
  7 swamp dragons (Swamp:4)
  21 deep elf zephyrmancers
  A harpy (shapeshifter) (Abyss:3)
  3 shadow dragon skeletons
  4 human zombies
  2 shadow dragon zombies (Zig:16)
  3 mana vipers
  5 fire giant zombies
  8 manticores
  68 ugly things
  4 fauns (Zig:15)
  23 deep elf pyromancers
  4 frost giant zombies
  3 oklob plants (Swamp:4)
  9 cyclopes
  14 shining eyes
  8 will-o-the-wisps
  An elephant (Lair:6)
  2 manticores (shapeshifter)
  2 fauns (shapeshifter)
  5 orc sorcerers
  25 wolf spiders
  A spectral ettin (Tar:1)
  2 spectral centaurs
  A sphinx skeleton (Zig:16)
  7 salamanders
  An elephant (shapeshifter) (Vaults:5)
  2 stone giant zombies
  12 rust devils
  An iron dragon skeleton (Crypt:2)
  A naga zombie (Abyss:3)
  25 moths of wrath
  A guardian serpent (shapeshifter) (Zig:14)
  15 worldbinders
  A frost giant skeleton (Crypt:3)
  A black mamba (shapeshifter) (Vaults:1)
  4 merfolk sirens (Zig:15)
  Maggie (D:6)
  17 vault sentinels
  4 black mambas
  2 titan simulacra
  10 apocalypse crabs
  5 ice statues
  8 torpor snails
  2 water nymphs (Zig:15)
  8 guardian serpents
  4 naga magi
  2 eyes of devastation (Slime:3)
  3 molten gargoyles
  22 orange demons
  A dire elephant skeleton (Crypt:3)
  9 cane toads
  65 smoke demons
  22 demonic crawlers
  A yellow draconian zombie (Crypt:3)
  A bunyip simulacrum (Coc:2)
  A red draconian zombie (Crypt:1)
  95 large abominations
  9 komodo dragons
  6 unseen horrors
  4 rime drakes (Lair:6)
  5 freezing wraiths
  2 gargoyles (D:12)
  14 hellions
  A death yak skeleton (Crypt:3)
  13 ice devils
  A spectral deep troll (Tar:1)
  13 yaktaurs
  A sea snake zombie (Hell)
  27 tengu conjurers
  5 efreet
  11 tormentors
  4 anaconda simulacra
  33 hellwings
  24 ancient zymes
  4 red devils
  2 sea snake skeletons (Hell)
  A meliai (shapeshifter) (Abyss:2)
  20 meliai
  3 harpy zombies
  6 hydra zombies
  5 spectral harpies
  A troll (shapeshifter) (D:11)
  13 guardian mummies
  9 merfolk (Zig:15)
  24 hornets
  2 iron giant simulacra
  12 tyrant leeches
  3 death drake zombies
  A polar bear (shapeshifter) (Vaults:5)
  4 trolls
  4 wind drakes (Zig:15)
  4 harpy skeletons (Pan)
  3 queen bees (shapeshifter)
  A wind drake (shapeshifter) (D:15)
  37 raiju
  Prince Ribbit (D:6)
  A tarantella (shapeshifter) (Abyss:3)
  5 silent spectres
  12 blink frogs
  2 dream sheep (shapeshifter)
  3 polar bears
  A spectral black mamba (Tar:1)
  A death drake skeleton (Swamp:4)
  99 slime creatures
  3 snapping turtles (Zig:15)
  40 tarantellas
  A meliai zombie (D:15)
  7 dream sheep (Lair:6)
  33 culicivoras
  27 jumping spiders
  2 ettin zombies
  A culicivora (shapeshifter) (Depths:3)
  A stone giant simulacrum (Depths:2)
  An air elemental (Elf:1)
  40 flying skulls
  3 ettin skeletons
  2 vampires
  2 shadows
  5 wyverns
  4 dire elephant simulacra
  14 spriggans
  3 water elementals
  5 spriggan skeletons
  23 ynoxinuls
  3 ushabtiu
  34 yaks
  7 wraiths
  2 centaur simulacra
  5 basilisks
  3 fire bats
  2 alligator snapping turtle simulacra
  A basilisk (shapeshifter) (Zig:6)
  2 sea snake simulacra (Hell)
  7 fire elementals
  8 humans (D:13)
  23 golden eyes
  35 neqoxecs
  73 redbacks
  Grum (D:8)
  26 chaos spawn
  2 death yak simulacra
  9 vampire mosquitoes
  20 spatial vortices
  A steam dragon (D:10)
  5 wargs
  2 harpy simulacra
  15 swamp worms
  An ogre zombie (Vaults:1)
  A swamp worm (shapeshifter) (Depths:3)
  4 acid dragons
  6 nagas
  7 floating eyes
  A faun skeleton (Crypt:2)
  17 water moccasins
  7 hydra simulacra
  16 hell hounds
  A sky beast (Abyss:1)
  4 swamp dragon zombies (Swamp:4)
  8 swamp drakes (Swamp:4)
  A necrophage (D:7)
  2 ogre skeletons
  54 orc warriors
  2 hornet zombies
  An ettin simulacrum (Coc:4)
  3 ice beasts
  6 black bears
  14 ogres
  9 centaurs
  138 starcursed masses
  5 wolves
  A hog skeleton (Crypt:1)
  2 swamp dragon skeletons
  A salamander zombie (Crypt:1)
  A kobold brigand (D:10)
  10 bullfrogs
  3 earth elementals
  4 scorpions
  A yaktaur skeleton (Crypt:2)
  A cane toad simulacrum (Lair:4)
  66 small abominations
  A cyclops skeleton (Crypt:2)
  A warg zombie (Crypt:3)
  A water moccasin skeleton (D:4)
  2 elephant simulacra
  A warg skeleton (Crypt:2)
  4 wights
  3 howler monkeys (D:8)
  A troll skeleton (Crypt:3)
  3 electric eels
  9 crimson imps
  4 quasits
  8 centaur zombies
  3 hounds
  9 jellies
  A gnoll shaman (Orc:1)
  42 orc priests
  4 centaur skeletons
  13 iron imps
  A basilisk skeleton (Crypt:1)
  4 iguanas
  Ijyb (D:4)
  Terence (D:3)
  28 orc wizards
  A polar bear simulacrum (Lair:4)
  2 wolf simulacra
  A hound skeleton (D:4)
  33 mummies
  3 howler monkey zombies
  15 gnolls
  8 river rats
  8 adders
  A swamp drake zombie (Crypt:2)
  7 white imps
  10 ufetubi
  2 lava snake skeletons
  An adder skeleton (D:4)
  4 worms
  A dart slug (D:2)
  89 orcs
  12 endoplasms
  6 giant cockroaches
  23 goblins
  14 hobgoblins
  2 jackals (Sewer)
  19 kobolds
  6 quokkas
  8 ball pythons
  5 bats
  6 frilled lizards
  A kobold skeleton (Crypt:1)
  An orc skeleton (Crypt:1)
  8 rats
  A ball lightning (Zig:5)
  A bush (D:12)
  5 lurking horrors
  19 pillars of salt
  42 starspawn tentacles
  2 tentacles (Hell)
  A withered plant (D:15)
4413 creatures vanquished.

Vanquished Creatures (collateral kills)
  A dread lich (Crypt:3)
  A wizard (Pan)
  A smoke demon (Pan)
  3 pillars of salt (Pan)
6 creatures vanquished.

Vanquished Creatures (others)
  A pandemonium lord (Zig:5)
  A lich (Depths:2)
  A frost giant (Coc:4)
  A wendigo (Coc:5)
  A juggernaut simulacrum (Coc:2)
  A spriggan berserker (Swamp:4)
  2 deep elf knights (Elf:3)
  A spatial maelstrom (Abyss:3)
  A deep troll (Vaults:5)
  A quicksilver dragon simulacrum (Coc:5)
  A spriggan simulacrum (Coc:2)
  An ugly thing (Pan)
  A deep elf pyromancer (Elf:2)
  A moth of wrath (Zot:2)
  An iron giant simulacrum (Coc:2)
  A tengu conjurer (WizLab)
  5 bloated husks
  A meliai (Zig:9)
  A raiju (Abyss:3)
  3 small abominations
  A spriggan (Swamp:3)
  A dire elephant simulacrum (Coc:2)
  A golden eye (Pan)
  A chaos spawn (Abyss:5)
  An orc warrior (D:11)
  A swamp dragon simulacrum (Coc:2)
  An orc wizard (Orc:2)
  2 ball lightnings (Zig:5)
  5 briar patches (Swamp:4)
  A bush (Abyss:1)
  4 demonic plants
  52 foxfires
  57 fungi
  3 lurking horrors
  93 pillars of salt
  69 plants
  58 starspawn tentacles
  2 tentacles (Hell)
  12 withered plants
392 creatures vanquished.

Grand Total: 4811 creatures vanquished

Notes
Turn   | Place    | Note
-------+----------+-------------------------------------------
     0 | D:1      | gimp the Hill Orc Fighter began the quest for the Orb.
     0 | D:1      | Reached XP level 1. HP: 19/19 MP: 1/1
   139 | D:1      | Reached XP level 2. HP: 24/27 MP: 2/2
   939 | D:2      | Reached XP level 3. HP: 33/33 MP: 3/3
  1617 | D:2      | Reached skill level 5 in Axes
  1617 | D:2      | Reached XP level 4. HP: 24/41 MP: 4/4
  1979 | D:2      | You fall into a shaft and drop 2 floors!
  1995 | D:4      | Reached XP level 5. HP: 47/47 MP: 5/5
  2086 | D:4      | Reached skill level 5 in Fighting
  2726 | D:3      | Noticed an ice beast
  2734 | D:3      | Killed an ice beast
  2735 | D:3      | Reached XP level 6. HP: 56/56 MP: 6/6
  2906 | D:3      | Found a faded altar of an unknown god.
  3071 | D:3      | Noticed Terence
  3083 | D:3      | Killed Terence
  3138 | D:3      | Found a snail-covered altar of Cheibriados.
  3147 | D:3      | Found a glowing silver altar of Zin.
  3584 | D:4      | Reached XP level 7. HP: 46/63 MP: 7/7
  3809 | D:4      | Noticed Ijyb
  3821 | D:4      | Killed Ijyb
  4273 | D:4      | Found a staircase to the Ecumenical Temple.
  5044 | Temple   | Entered the Ecumenical Temple
  5282 | Temple   | Became a worshipper of Warmaster Okawaru
  5330 | D:5      | Entered Level 5 of the Dungeon
  5375 | D:5      | Reached skill level 1 in Invocations
  5375 | D:5      | Reached XP level 8. HP: 52/73 MP: 8/8
  5394 | D:5      | Reached skill level 10 in Axes
  5535 | D:5      | Found a radiant altar of Vehumet.
  6335 | D:6      | Reached * piety under Okawaru
  6647 | D:6      | Found a glowing drain.
  6655 | Sewer    | Entered a sewer
  7497 | D:6      | Reached XP level 9. HP: 81/81 MP: 12/12
  7501 | D:6      | Noticed Maggie
  7522 | D:6      | Killed Maggie
  7522 | D:6      | Reached ** piety under Okawaru
  7523 | D:6      | Reached skill level 5 in Invocations
  7746 | D:6      | Noticed Prince Ribbit
  7763 | D:6      | Killed Prince Ribbit
  8277 | D:6      | Found a shimmering blue altar of Sif Muna.
  8277 | D:6      | Found an ornate altar of the Wu Jian Council.
  8486 | D:6      | Found a glowing golden altar of the Shining One.
  8949 | D:7      | Reached *** piety under Okawaru
  9012 | D:7      | Identified the +6 chain mail "Atzes" {rElec Int+6 Dex+5}
  9247 | D:7      | Got the Guide on Flying Bewitchment
  9348 | D:8      | Reached XP level 10. HP: 86/91 MP: 15/15
  9373 | D:8      | Found a flagged portal.
  9401 | Bailey   | Entered a bailey
  9553 | Bailey   | Noticed an orc knight
  9573 | Bailey   | Killed an orc knight
  9816 | Bailey   | Reached **** piety under Okawaru
  9911 | Bailey   | Noticed an orc warlord
  9947 | Bailey   | Reached skill level 5 in Armour
  9947 | Bailey   | Reached skill level 5 in Shields
  9962 | Bailey   | Killed an orc warlord
  9963 | Bailey   | Reached skill level 15 in Axes
 10255 | Bailey   | Reached ***** piety under Okawaru
 10262 | Bailey   | Identified the ring of Oletyra {rF+ Will- MP+9 Int+4}
 10269 | Bailey   | Acquired a manual of Evocations
 10365 | D:8      | Noticed Grum
 10373 | D:8      | Killed Grum
 10689 | D:8      | Reached XP level 11. HP: 87/97 MP: 16/16
 11172 | D:8      | Found a hazy altar of Hepliaklqana.
 11172 | D:8      | Found a basalt altar of Yredelemnul.
 11172 | D:8      | Found a blossoming altar of Fedhas.
 11184 | D:8      | Found a hide-covered altar of Uskayaw.
 11187 | D:8      | Found an ancient bone altar of Kikubaaqudgha.
 11722 | D:9      | Received a gift from Okawaru
 11918 | D:9      | Found a staircase to the Lair.
 12305 | D:10     | Entered Level 10 of the Dungeon
 12424 | D:10     | Noticed Erolcha
 12437 | D:10     | Killed Erolcha
 12806 | D:10     | Noticed Snorg
 12824 | D:10     | Killed Snorg
 13366 | D:11     | Noticed a manticore
 13377 | D:11     | Killed a manticore
 14809 | D:11     | Found a staircase to the Orcish Mines.
 14981 | D:12     | Noticed a manticore
 14994 | D:12     | Killed a manticore
 14995 | D:12     | Reached XP level 12. HP: 102/104 MP: 15/17
 15015 | D:12     | Found a white marble altar of Elyvilon.
 15899 | D:12     | Found a runed translucent door.
 15899 | D:12     | Noticed Juskeos's ghost (journeyman TrBe)
 16010 | D:12     | Found a portal to a secret trove of treasure.
 16124 | D:12     | Noticed Jorgrun
 16144 | D:12     | Killed Jorgrun
 16601 | D:13     | Noticed a six-headed hydra
 16695 | Orc:1    | Entered Level 1 of the Orcish Mines
 16719 | Orc:1    | Found Ycsimeaz's Magic Scroll Boutique.
 16726 | Orc:1    | Bought a scroll of teleportation for 33 gold pieces
 16726 | Orc:1    | Bought a scroll of fog for 22 gold pieces
 16726 | Orc:1    | Bought a scroll of identify for 22 gold pieces
 16726 | Orc:1    | Bought 3 scrolls of identify for 66 gold pieces
 16726 | Orc:1    | Bought a scroll of identify for 22 gold pieces
 16864 | Orc:2    | Entered Level 2 of the Orcish Mines
 16890 | Orc:2    | Noticed an orc high priest
 16893 | Orc:2    | Noticed an orc high priest
 17082 | Orc:1    | Killed an orc high priest
 17113 | Orc:1    | Identified the +3 ring mail "Qypufax" {+Inv rElec rCorr
                  | Dex-2} (Okawaru gifted it to you on level 1 of the Orcish
                  | Mines)
 17113 | Orc:1    | Received a gift from Okawaru
 17153 | Orc:1    | Noticed a soul eater
 17157 | Orc:1    | Killed an orc high priest
 17399 | Orc:2    | Noticed an orc high priest
 17404 | Orc:2    | Noticed a sun demon
 17408 | Orc:2    | Noticed a sun demon
 17506 | Orc:1    | Noticed a soul eater
 17509 | Orc:1    | Killed an orc high priest
 17518 | Orc:2    | Noticed a two-headed ogre
 17540 | Orc:1    | Reached skill level 10 in Armour
 17789 | Orc:2    | Killed a two-headed ogre
 17790 | Orc:2    | Reached skill level 10 in Shields
 17945 | Orc:2    | Found Neycoaph's General Store.
 17946 | Orc:2    | Found Usuin's Weapon Emporium.
 18094 | Orc:2    | Found Jeasol's Assorted Antiques.
 18098 | Orc:2    | Found Cuogg's General Store.
 18113 | Orc:2    | Bought a scroll labelled YPREYTAUNE for 34 gold pieces
 18114 | Orc:2    | Bought a scroll of identify for 30 gold pieces
 18114 | Orc:2    | Bought a scroll of blinking for 112 gold pieces
 18119 | Orc:2    | Bought a scroll of teleportation for 36 gold pieces
 18119 | Orc:2    | Bought a scroll of fog for 24 gold pieces
 18119 | Orc:2    | Bought a scroll of magic mapping for 42 gold pieces
 18119 | Orc:2    | Bought a potion of attraction for 36 gold pieces
 18133 | Orc:2    | Noticed an orc high priest
 18153 | Orc:2    | Killed an orc high priest
 18157 | Orc:2    | Noticed an orc warlord
 18402 | Orc:2    | Noticed an orc high priest
 18472 | Orc:2    | Noticed a soul eater
 18473 | Orc:2    | Reached XP level 13. HP: 101/111 MP: 20/20
 18481 | Orc:1    | Reached skill level 10 in Invocations
 18637 | Orc:2    | Killed an orc warlord
 18811 | Orc:2    | Found Capper's Weapon Emporium.
 19011 | Orc:2    | Found a staircase to the Elven Halls.
 20249 | Orc:1    | Found a roughly hewn altar of Beogh.
 20842 | Lair:1   | Entered Level 1 of the Lair of Beasts
 20940 | Lair:1   | Reached ****** piety under Okawaru
 21491 | Lair:2   | Found a dark tunnel.
 21510 | Volcano  | Entered a volcano
 21622 | Volcano  | Found a bloodstained altar of Trog.
 21680 | Volcano  | Identified the +4 battleaxe of Eternal Vigilance {flame,
                  | Int+2} (Okawaru gifted it to you in a volcano)
 21680 | Volcano  | Received a gift from Okawaru
 22724 | Lair:3   | Found a gate leading to a gauntlet.
 22760 | Gauntlet | Entered a Gauntlet
 22760 | Gauntlet | Found a transporter.
 22760 | Gauntlet | Found a transporter.
 22944 | Gauntlet | Found a transporter.
 22944 | Gauntlet | Found a transporter.
 22951 | Gauntlet | Found a transporter.
 22970 | Gauntlet | Found a transporter.
 22979 | Gauntlet | Found a transporter.
 22995 | Gauntlet | Found a transporter.
 22996 | Gauntlet | Found a transporter.
 23002 | Gauntlet | Found a transporter.
 23047 | Gauntlet | Found a transporter.
 23092 | Gauntlet | Found a transporter.
 23106 | Gauntlet | Found a transporter.
 23119 | Gauntlet | Found a transporter.
 23211 | Gauntlet | Found a transporter.
 23229 | Gauntlet | Found a transporter.
 23549 | Gauntlet | Reached skill level 1 in Dodging
 23556 | Gauntlet | Identified the +1 cloak "Ralo" {Drain Int+3 Stlth+}
 23599 | Gauntlet | Identified the amulet of Scepticism {Reflect rF+++ SH+5}
 23660 | Gauntlet | Identified the ring "Qifak" {Dex+6 SInv}
 23660 | Gauntlet | Noticed a minotaur
 23675 | Gauntlet | Killed a minotaur
 23675 | Gauntlet | Identified the +4 hand axe "Ifuttasa" {speed, Fragile
                  | Will++ Int+9 Stlth-} (Okawaru gifted it to you in a
                  | Gauntlet)
 23675 | Gauntlet | Received a gift from Okawaru
 23676 | Gauntlet | Reached XP level 14. HP: 74/118 MP: 21/23
 23681 | Gauntlet | Identified the +2 cloak of a ziggurat {rC- Int+8}
 23912 | Lair:3   | You fall into a shaft and drop 3 floors!
 23912 | Lair:6   | Entered Level 6 of the Lair of Beasts
 24470 | Lair:6   | Noticed a dire elephant
 24479 | Lair:6   | Killed a dire elephant
 24483 | Lair:6   | Identified the +7 scale mail of Kotun {rN+ Str+4 Int+3}
                  | (Okawaru gifted it to you on level 6 of the Lair of Beasts)
 24483 | Lair:6   | Received a gift from Okawaru
 24624 | Lair:6   | Found a burning altar of Makhleb.
 25002 | Lair:5   | Reached XP level 15. HP: 124/124 MP: 24/24
 25022 | Lair:4   | Found a frozen archway.
 25047 | IceCv    | Entered an ice cave
 25060 | IceCv    | Found a transporter.
 25069 | IceCv    | Found a transporter.
 25322 | Lair:4   | Reached skill level 5 in Dodging
 25663 | Lair:3   | Found a hole to the Spider Nest.
 26240 | Lair:4   | Found a staircase to the Swamp.
 26499 | Lair:5   | Reached skill level 1 in Throwing
 27606 | Lair:6   | Found a staircase to the Slime Pits.
 28054 | Lair:6   | Found a gateway to Hell.
 28721 | D:13     | Identified the +4 battleaxe of Popular Demand {vorpal, rC+
                  | rN+ MP+9 SInv} (Okawaru gifted it to you on level 13 of the
                  | Dungeon)
 28721 | D:13     | Received a gift from Okawaru
 28994 | D:13     | Found a gate to the Vaults.
 29361 | D:13     | Reached XP level 16. HP: 132/132 MP: 25/25
 29989 | D:14     | Reached skill level 10 in Evocations
 30168 | D:14     | Reached skill level 5 in Throwing
 30477 | D:14     | Identified the +11 hand axe "Mifokos" {freeze, Int+2}
                  | (Okawaru gifted it to you on level 14 of the Dungeon)
 30477 | D:14     | Received a gift from Okawaru
 30510 | D:14     | Found a runed translucent door.
 30784 | D:15     | Entered Level 15 of the Dungeon
 31159 | D:15     | Found a staircase to the Depths.
 31211 | D:15     | Noticed Azrael
 31227 | D:15     | Killed Azrael
 32285 | D:12     | You paid a toll of 4 scrolls of fog to enter a treasure
                  | trove
 32286 | Trove    | Entered a treasure trove
 32293 | Trove    | Identified the +3 broad axe of Piotetse {flame, Str+4}
 32303 | Trove    | Identified the +3 executioner's axe of Sicu {protect, rN+
                  | SInv}
 32304 | Trove    | Identified the +8 short sword of the Yoke {vorpal, rN+
                  | Will+ rCorr Stlth+}
 32305 | Trove    | Identified the +9 executioner's axe "Joycum" {vamp, rPois
                  | Will+ Int+3 Dex+4}
 32308 | Trove    | Identified the +10 broad axe of Wondrous Power {protect,
                  | *Corrode Drain Dex+8 SInv}
 32463 | Swamp:1  | Entered Level 1 of the Swamp
 32499 | Lair:4   | Received a gift from Okawaru
 33174 | Swamp:1  | Identified the +9 war axe of Ozou {drain, rC+ Will+ Str-3}
                  | (Okawaru gifted it to you on level 1 of the Swamp)
 33174 | Swamp:1  | Received a gift from Okawaru
 34757 | Swamp:1  | Reached XP level 17. HP: 50/133 MP: 26/26
 35597 | Swamp:2  | Received a gift from Okawaru
 36005 | Swamp:2  | Received a gift from Okawaru
 36062 | Swamp:2  | Found a runed translucent door.
 36063 | Swamp:2  | Noticed herbaltea's ghost (adept FoAK)
 36650 | Swamp:3  | Received a gift from Okawaru
 37093 | Swamp:4  | Entered Level 4 of the Swamp
 37566 | Swamp:4  | Received a gift from Okawaru
 38160 | Swamp:4  | Reached skill level 10 in Fighting
 38173 | Swamp:4  | Received a gift from Okawaru
 38458 | Swamp:4  | Identified the +6 broad axe of the Chickpea {pain, +Blink
                  | rElec rC++ Stlth+} (Okawaru gifted it to you on level 4 of
                  | the Swamp)
 38458 | Swamp:4  | Received a gift from Okawaru
 38767 | Swamp:4  | Paralysed by a vampire knight for 4 turns
 39690 | Swamp:4  | Found a blossoming altar of Fedhas.
 40180 | Swamp:4  | Found a basalt altar of Yredelemnul.
 40192 | Swamp:4  | Got a decaying rune of Zot
 40334 | Spider:1 | Entered Level 1 of the Spider Nest
 40351 | Lair:3   | Reached XP level 18. HP: 119/151 MP: 27/27
 40994 | Spider:1 | HP: 4/150 [radroach (38)]
 40995 | Spider:1 | Gained mutation: You are agile. (Dex +2) [mutagenic glow]
 41001 | Lair:3   | HP: 5/151 [tarantella (7)]
 41837 | Spider:1 | Identified the +1 scale mail of the Thistle {rF+ Str+3}
                  | (Okawaru gifted it to you on level 1 of the Spider Nest)
 41837 | Spider:1 | Received a gift from Okawaru
 42134 | Spider:1 | Reached skill level 15 in Shields
 42295 | Spider:1 | Found a runed translucent door.
 42296 | Spider:1 | Noticed riojii's ghost (adept DrTm)
 42343 | Arena    | Entered the Arena
 43387 | Spider:2 | Reached skill level 15 in Armour
 45159 | Spider:3 | Noticed Mara
 45161 | Spider:3 | Noticed gimp's illusion
 45184 | Spider:2 | Noticed gimp's illusion
 45205 | Spider:2 | Killed Mara
 45332 | Spider:3 | Received a gift from Okawaru
 45803 | Spider:3 | Noticed Aizul
 45828 | Spider:3 | Killed Aizul
 46195 | Spider:3 | Received a gift from Okawaru
 46886 | Spider:3 | Identified Roxanne's Almanac of Shape Shifting
 46886 | Spider:3 | Noticed Roxanne
 46900 | Spider:3 | Reached XP level 19. HP: 140/156 MP: 28/28
 47345 | Spider:3 | Identified the +3 chain mail of gimp's Purpose {rPois rN+++
                  | Dex+4} (Okawaru gifted it to you on level 3 of the Spider
                  | Nest)
 47345 | Spider:3 | Received a gift from Okawaru
 47652 | Spider:4 | Entered Level 4 of the Spider Nest
 47834 | Spider:3 | Acquired 664 gold pieces
 49433 | Spider:4 | Identified the +4 scale mail "Oxison" {rCorr Str-5 Int+10
                  | Dex-3}
 50043 | Arena    | Entered the Arena
 50312 | Spider:4 | Reached skill level 15 in Fighting
 50596 | Spider:4 | Got a gossamer rune of Zot
 51094 | Vaults:1 | Entered Level 1 of the Vaults
 51102 | Vaults:1 | Received a gift from Okawaru
 51265 | Vaults:1 | Received a gift from Okawaru
 51522 | Vaults:1 | Received a gift from Okawaru
 51938 | Vaults:1 | Reached XP level 20. HP: 143/178 MP: 29/29
 52413 | Vaults:1 | Received a gift from Okawaru
 52671 | Vaults:1 | Found Yruyf Ote's Weapon Shoppe.
 52712 | Vaults:1 | Received a gift from Okawaru
 53758 | Vaults:2 | Identified the +2 plate armour "Qos Guno" {Will+} (Okawaru
                  | gifted it to you on level 2 of the Vaults)
 53758 | Vaults:2 | Received a gift from Okawaru
 54451 | Vaults:2 | Found Uhinicel's Book Emporium.
 55546 | Vaults:3 | Reached XP level 21. HP: 184/184 MP: 22/30
 55926 | Vaults:3 | Found Ythod's Book Shop.
 56029 | Vaults:3 | Found a runed translucent gate.
 56029 | Vaults:3 | Found a runed translucent gate.
 56030 | Vaults:3 | Found a runed translucent gate.
 56031 | Vaults:3 | Noticed Lisoumnu's ghost (adept VSBe)
 56168 | Vaults:3 | Found a staircase to the Crypt.
 56328 | Vaults:3 | Identified the +4 war axe "Piasm" {elec, rPois rC+ Int+4
                  | SInv} (Okawaru gifted it to you on level 3 of the Vaults)
 56328 | Vaults:3 | Received a gift from Okawaru
 56572 | Vaults:3 | Found Yvotrig's Jewellery Boutique.
 56580 | Vaults:3 | Bought the ring of Yxuniam {rElec rF+ Will+ MP+9 Slay+4}
                  | for 1276 gold pieces
 57020 | Vaults:3 | Found an iron altar of Okawaru.
 57189 | Vaults:4 | Acquired 900 gold pieces
 57190 | Vaults:4 | Acquired the amulet "Ocwugie" {Acrobat rF- rC+++ Str+8}
 57235 | Vaults:4 | Found a magical portal.
 57244 | WizLab   | Entered Iskenderun's Mystic Tower
 58035 | WizLab   | Identified the +1 crystal plate armour of the Silversmith
                  | {rN+} (Okawaru gifted it to you in a wizard's laboratory)
 58035 | WizLab   | Received a gift from Okawaru
 58994 | WizLab   | Got Iskenderun's Almanac of Arcane Weapons
 58994 | WizLab   | Got Iskenderun's Guide on Battle Magic
 60658 | Elf:1    | Entered Level 1 of the Elven Halls
 61219 | Elf:1    | Paralysed by an air elemental for 1 turns
 61685 | Elf:2    | Reached XP level 22. HP: 188/201 MP: 31/31
 61877 | Elf:2    | Found Akle's Jewellery Shoppe.
 61923 | Elf:2    | Cast into level 2 of the Abyss (a deep elf demonologist)
 62069 | Abyss:2  | Gained mutation: Armour fits poorly on your strangely
                  | shaped body. [a shining eye]
 62114 | Elf:2    | Escaped the Abyss
 62123 | Elf:2    | Received a gift from Okawaru
 62299 | Elf:2    | Found Tyobu's Assorted Antiques.
 62314 | Elf:2    | Bought a scroll of blinking for 285 gold pieces
 62533 | Elf:2    | Found a huge runed translucent gate.
 62533 | Elf:2    | Found a huge runed translucent gate.
 62533 | Elf:2    | Found a huge runed translucent gate.
 62534 | Elf:2    | Found a huge runed translucent gate.
 62536 | Elf:2    | Found a huge runed translucent gate.
 63393 | Elf:3    | Entered Level 3 of the Elven Halls
 64718 | Elf:3    | Received a gift from Okawaru
 65208 | Elf:3    | Identified the +10 spear "Grum" {holy, Drain rF+ rN+ Str+4}
 65223 | Elf:3    | Identified the ring "Fakauclu" {Drain Fly rC+++ MP+9 Str+2}
 65454 | Elf:3    | Identified the +4 rapier of the Ancients {vorpal, Will+
                  | MP+9 Stlth+}
 65459 | Elf:3    | Identified the +7 chain mail of the Bouncing Beds {Regen+
                  | Int+2 Slay+2}
 65530 | Elf:3    | Identified the ring "Eraylom" {rC- rN+ rCorr Int+2 SInv}
 65542 | Elf:3    | Acquired 688 gold pieces
 65775 | Depths:1 | Entered Level 1 of the Depths
 66004 | D:6      | Fell from the grace of Okawaru
 66004 | D:6      | Became a worshipper of the Shining One
 66343 | Crypt:1  | Entered Level 1 of the Crypt
 66375 | Crypt:1  | Noticed Bai Suzhen
 66379 | Crypt:1  | Reached * piety under the Shining One
 66398 | Crypt:1  | Killed Bai Suzhen
 66963 | Crypt:1  | Found a transporter.
 66991 | Crypt:1  | Reached ** piety under the Shining One
 67286 | Crypt:1  | You are sucked into a shaft and drop 1 floor!
 67445 | Crypt:2  | Reached *** piety under the Shining One
 67446 | Crypt:2  | Noticed an ancient lich
 67459 | Crypt:2  | Killed an ancient lich
 67846 | Crypt:2  | Reached XP level 23. HP: 216/216 MP: 33/33
 68296 | Crypt:1  | Found a transporter.
 69087 | Crypt:3  | Entered Level 3 of the Crypt
 69151 | Crypt:3  | Reached **** piety under the Shining One
 69265 | Crypt:3  | Reached ***** piety under the Shining One
 69315 | Crypt:3  | Found a staircase to the Tomb.
 69792 | Crypt:3  | Noticed an ancient lich
 69822 | Crypt:3  | Killed an ancient lich
 69827 | Crypt:3  | Noticed a dread lich
 69827 | Crypt:3  | Noticed a dread lich
 69847 | Crypt:3  | Identified the +0 tower shield of Sloth {Fly rPois Stlth+}
 69853 | Crypt:3  | Killed a dread lich
 69854 | Crypt:3  | Reached skill level 15 in Invocations
 69854 | Crypt:3  | Killed a dread lich
 69858 | Crypt:3  | Identified the +6 war axe of Uzut {vamp, rElec rF++ Str+2
                  | Int-3}
 69860 | Crypt:3  | Got Icel's Tome of Displaced Changing
 69865 | Crypt:3  | Identified the +5 halberd of Jeshi {flame, rF+++ Stlth-}
 70408 | D:3      | Fell from the grace of the Shining One
 70408 | D:3      | Became a worshipper of Zin the Law-Giver
 70408 | D:3      | Reached * piety under Zin
 70408 | D:3      | Reached ** piety under Zin
 70408 | D:3      | Reached *** piety under Zin
 70408 | D:3      | Reached **** piety under Zin
 70411 | D:3      | Donated 2420 gold pieces to Zin
 70498 | D:6      | Reached ***** piety under Zin
 70801 | Lair:6   | Reached ****** piety under Zin
 71127 | Lair:6   | Lost mutation: Armour fits poorly on your strangely shaped
                  | body. [potion of mutation]
 71127 | Lair:6   | Lost mutation: You are agile. (Dex +2) [potion of mutation]
 71129 | Slime:1  | Entered Level 1 of the Pits of Slime
 73635 | Depths:1 | Found an ancient bone altar of Kikubaaqudgha.
 74179 | Depths:1 | Found a one-way gate to the infinite horrors of the Abyss.
 74258 | Depths:1 | You are sucked into a shaft and drop 1 floor!
 75076 | Depths:2 | Noticed a golden dragon
 75265 | Depths:1 | Killed a golden dragon
 75334 | Depths:2 | Reached XP level 24. HP: 191/231 MP: 35/35
 75692 | Depths:2 | Found Xatsix's Book Boutique.
 75693 | Depths:2 | Found Jowkes's General Store.
 75693 | Depths:2 | Found Yskant's Distillery.
 75698 | Depths:2 | Found Aleppir's Antique Armour Shop.
 75704 | Depths:2 | Bought a glowing helmet for 247 gold pieces
 75709 | Depths:2 | Bought a potion of resistance for 200 gold pieces
 75709 | Depths:2 | Bought a potion of curing for 60 gold pieces
 75709 | Depths:2 | Bought a potion of haste for 200 gold pieces
 75709 | Depths:2 | Bought a potion of curing for 60 gold pieces
 75709 | Depths:2 | Bought a potion of magic for 160 gold pieces
 75721 | Depths:2 | Paralysed by a sphinx for 5 turns
 76443 | Depths:2 | Noticed a caustic shrike
 76458 | Depths:2 | Killed a caustic shrike
 76692 | Depths:2 | Was forgiven by Okawaru
 77159 | Depths:2 | Paralysed by a floating eye for 3 turns
 77233 | Depths:2 | Found Jopyefeiss's Distillery.
 77262 | Depths:2 | Bought a potion of ambrosia for 136 gold pieces
 77262 | Depths:2 | Bought a potion of resistance for 170 gold pieces
 77262 | Depths:2 | Bought a potion of mutation for 136 gold pieces
 77262 | Depths:2 | Bought a potion of curing for 51 gold pieces
 77262 | Depths:2 | Bought a potion of curing for 51 gold pieces
 77262 | Depths:2 | Bought a potion of curing for 51 gold pieces
 77306 | Depths:2 | Found Vuulud's Antique Armour Shop.
 77319 | Depths:2 | Bought a shiny helmet for 210 gold pieces
 77420 | Depths:2 | Found a one-way gate leading to the halls of Pandemonium.
 77888 | Depths:3 | Found a one-way gateway to a ziggurat.
 78022 | Depths:3 | Identified the ring "Vujohon" {rElec rC+ Str+4 Int+6}
 78023 | Depths:3 | Identified the ring of Loduucke {Fire rElec rPois rN++
                  | Str-4}
 78299 | Depths:3 | Identified the -1 pair of gloves of Hospitality {rF+ Int+7}
 78856 | Depths:3 | Identified the +0 helmet "Xuolazoco" {Harm Str+4}
 78866 | Depths:3 | Found the -2 hat of the Alchemist {rElec rPois rF+ rC+ rN+
                  | Will+ rMut rCorr}
 79136 | Depths:3 | Noticed a caustic shrike
 79152 | Depths:3 | Killed a caustic shrike
 79468 | Depths:3 | Reached XP level 25. HP: 221/243 MP: 36/36
 81782 | Slime:4  | Found a corrupted altar of Lugonu.
 82236 | Slime:5  | Entered Level 5 of the Pits of Slime
 82815 | Slime:5  | Noticed the Royal Jelly
 82831 | Slime:5  | Killed the Royal Jelly
 83317 | Slime:5  | Paralysed by a floating eye for 2 turns
 83475 | Slime:5  | Identified the +0 hat of Toh Jall {Harm rElec rF- Regen+
                  | rCorr}
 83477 | Slime:5  | Got a slimy rune of Zot
 83893 | Elf:2    | Bought the ring "Woylotam" {rF+ rN+ Str+6 Int-5 Dex+3} for
                  | 1377 gold pieces
 84287 | Vaults:5 | Entered Level 5 of the Vaults
 84991 | Vaults:5 | Noticed an ancient lich
 84999 | Vaults:5 | Killed an ancient lich
 85400 | Vaults:5 | Reached XP level 26. HP: 208/258 MP: 38/38
 85965 | Vaults:5 | Identified the +6 hand crossbow of Peace {penet, MP+9}
 86333 | Vaults:5 | Identified the +7 morningstar of the Sun {drain, *Rage
                  | *Slow rF+ rN++}
 86390 | Vaults:5 | Noticed an ancient lich
 86400 | Vaults:5 | Killed an ancient lich
 86629 | Vaults:5 | Got a silver rune of Zot
 86997 | Vaults:5 | Identified the +1 ring mail of Minor Irritation {-Tele Harm
                  | Regen+ Int-2}
 87983 | Depths:4 | Entered Level 4 of the Depths
 88254 | Depths:4 | Reached skill level 10 in Dodging
 88551 | Depths:4 | Found Cuts's Weapon Shoppe.
 88620 | Depths:4 | Found Iciomam's Jewellery Shop.
 88623 | Depths:4 | Found Fisohirr's Book Shoppe.
 88624 | Depths:4 | Found Quteyto's Jewellery Shop.
 88718 | Depths:4 | Found a gate to the Realm of Zot.
 89030 | Depths:4 | Paralysed by a floating eye for 3 turns
 89506 | Zot:1    | Entered Level 1 of the Realm of Zot
 90044 | Zot:1    | Noticed an orb of fire
 90061 | Zot:1    | Killed an orb of fire
 91201 | Zot:2    | Noticed an orb of fire
 91220 | Zot:2    | Killed an orb of fire
 92451 | Zot:2    | Reached XP level 27. HP: 247/266 MP: 39/39
 93529 | Zot:3    | Found a stormy altar of Qazlal.
 95224 | Zot:4    | Noticed a juggernaut
 95228 | Zot:4    | Identified the ring of Ashenzari's Reproof {Fly rElec rC+
                  | Will+ Dex+6}
 95502 | Zot:4    | Killed a juggernaut
 96929 | Zot:5    | Entered Level 5 of the Realm of Zot
 97182 | Zot:5    | Found a runed translucent door.
 97183 | Zot:5    | Noticed Meadakhi's ghost (master DgEE)
 97203 | Zot:5    | Noticed a dread lich
 97207 | Zot:5    | Noticed an ancient lich
 97207 | Zot:5    | Noticed an orb of fire
 97207 | Zot:5    | Noticed an ancient lich
 97207 | Zot:5    | Noticed a dread lich
 97207 | Zot:5    | Noticed an orb of fire
 97237 | Zot:4    | Reached skill level 27 in Invocations
 97751 | Depths:3 | Voluntarily entered the Abyss.
 97753 | Abyss:1  | Found a corrupted altar of Lugonu.
 97757 | Abyss:2  | Found a transporter.
 97757 | Abyss:2  | Found a corrupted altar of Lugonu.
 97794 | Abyss:2  | Found a transporter.
 97801 | Abyss:2  | Identified the ring of Okawaru's Regard {Ice Str+6}
 97812 | Abyss:2  | Found a transporter.
 97823 | Abyss:2  | Found a transporter.
 97959 | Abyss:2  | Found a transporter.
 97987 | Abyss:2  | Paralysed by accursed screaming for 1 turns
 98358 | Abyss:3  | Paralysed by accursed screaming for 1 turns
 98434 | Abyss:3  | Paralysed by you for 2 turns
 98840 | Abyss:3  | Lost intelligence.
100064 | Depths:3 | Escaped the Abyss
100317 | Depths:3 | Voluntarily entered the Abyss.
100708 | Abyss:3  | Noticed an ancient lich
100715 | Abyss:3  | Killed an ancient lich
100752 | Abyss:3  | Found a corrupted altar of Lugonu.
100761 | Abyss:3  | Found a corrupted altar of Lugonu.
100775 | Abyss:3  | Noticed an ancient lich
100781 | Abyss:3  | Killed an ancient lich
100975 | Abyss:5  | Entered Level 5 of the Abyss
101204 | Depths:3 | Escaped the Abyss
101397 | Depths:3 | Voluntarily entered the Abyss.
101685 | Abyss:1  | Noticed an ancient lich
101706 | Abyss:1  | Killed an ancient lich
101817 | Abyss:1  | Noticed an ancient lich
101825 | Abyss:1  | Killed an ancient lich
101950 | Abyss:1  | Found a corrupted altar of Lugonu.
103199 | Abyss:4  | Found a corrupted altar of Lugonu.
103569 | Abyss:4  | Lost intelligence.
103636 | Abyss:4  | Found a hide-covered altar of Uskayaw.
103813 | Depths:3 | Escaped the Abyss
104107 | Hell     | Entered the Vestibule of Hell
104107 | Hell     | Noticed Geryon
104117 | Hell     | Killed Geryon
104469 | Zig:1    | Entered Level 1 of a ziggurat
104493 | Zig:2    | Entered Level 2 of a ziggurat
104621 | Zig:3    | Entered Level 3 of a ziggurat
104643 | Zig:3    | Identified the ring "Acuj" {Wiz Will+ MP+9}
104647 | Zig:3    | Identified the ring of Sin {rPois Dex+5}
104699 | Zig:4    | Entered Level 4 of a ziggurat
104702 | Zig:4    | Found the brooch of Shielding {Spirit SH+8}
104791 | Zig:5    | Entered Level 5 of a ziggurat
104824 | Zig:5    | Noticed Jitamegi the pandemonium lord
104834 | Zig:5    | Killed Jitamegi the pandemonium lord
104886 | Zig:6    | Entered Level 6 of a ziggurat
104991 | Zig:7    | Entered Level 7 of a ziggurat
105166 | Zig:7    | Identified the +12 hunting sling "Delim" {vorpal, rF+
                  | Will+}
105175 | Zig:8    | Entered Level 8 of a ziggurat
105180 | Zig:8    | Noticed Vesk the pandemonium lord
105181 | Zig:8    | Noticed Rainoav the pandemonium lord
105191 | Zig:8    | Killed Rainoav the pandemonium lord
105191 | Zig:8    | Killed Vesk the pandemonium lord
105415 | Zig:9    | Entered Level 9 of a ziggurat
105669 | Zig:10   | Entered Level 10 of a ziggurat
105739 | Zig:10   | Identified the ring of Jealousy {rElec rN+ Str+3 Int+2}
105741 | Zig:10   | Lost intelligence.
105746 | Zig:10   | Identified the ring of Setiethri {rF+ Dex+6}
106039 | Zig:11   | Entered Level 11 of a ziggurat
106043 | Zig:11   | Noticed a juggernaut
106044 | Zig:11   | Noticed a juggernaut
106049 | Zig:11   | Noticed a juggernaut
106056 | Zig:11   | Killed a juggernaut
106060 | Zig:11   | Killed a juggernaut
106071 | Zig:11   | Killed a juggernaut
106302 | Zig:11   | Identified the +5 war axe of Tucy {venom, Int+9}
106314 | Zig:12   | Entered Level 12 of a ziggurat
106332 | Zig:12   | Reached skill level 15 in Dodging
106777 | Zig:12   | Identified the +1 quarterstaff "Bailoc" {freeze, *Rage
                  | Will++}
106778 | Zig:12   | Identified the +7 hand crossbow "Spider's Doom" {vorpal,
                  | rC+ Dex+3}
106791 | Zig:13   | Entered Level 13 of a ziggurat
106800 | Zig:13   | Found the +8 demon blade "Leech" {vamp, Harm Drain rN+}
107117 | Zig:13   | Identified the ring "Ufokogh" {rF+ Int+6}
107120 | Zig:13   | Identified the +3 demon blade "Ylaolyz" {flame, *Noise
                  | rPois rC+++ Dex+5}
107123 | Zig:13   | Identified the ring of Tender Moments {rF+ rC++ Will+ Str+4
                  | Int-2}
107132 | Zig:13   | Identified the +4 halberd "Qorucohi" {pain, *Corrode rElec
                  | rC+ Int+6}
107146 | Zig:14   | Entered Level 14 of a ziggurat
107184 | Zig:14   | Paralysed by accursed screaming for 1 turns
107222 | Zig:14   | Identified the -1 pair of gloves of the Distant Future
                  | {rElec rN++ Stlth+}
107541 | Zig:15   | Entered Level 15 of a ziggurat
107972 | Zig:16   | Entered Level 16 of a ziggurat
107980 | Zig:16   | Noticed a royal mummy
108014 | Zig:16   | Killed a royal mummy
108022 | Zig:16   | Reached skill level 27 in Fighting
108042 | Zig:16   | Identified the -5 pair of gloves of the Ant {rC+ rN+ Str-5}
108058 | Zig:16   | Identified the +12 mace of Qeepruv {freeze, *Noise rPois
                  | rF+ Dex+4}
108060 | Zig:16   | Identified the +1 helmet "Zoequm" {Stlth+}
108481 | Zig:17   | Entered Level 17 of a ziggurat
108541 | Zig:17   | Reached skill level 27 in Shields
108573 | Zig:17   | Found the macabre finger necklace {rN+}
108843 | Zig:17   | Identified the +9 plate armour of Insecurity {rC+ SInv}
108857 | Zig:17   | Identified the +4 hand crossbow "Worm" {elec, *Slow rPois
                  | rCorr}
108862 | Zig:17   | Identified the amulet "Coadusk" {Spirit rCorr Int+3 Stlth+}
109059 | Hell     | Noticed a dread lich
109090 | Depths:3 | Killed a dread lich
110376 | Hell     | Reached skill level 27 in Armour
110622 | Hell     | Found a gateway to the Iron City of Dis.
110678 | Hell     | Found a gateway to the decaying netherworld of Tartarus.
110740 | Hell     | Found a gateway to the freezing wastes of Cocytus.
110847 | Hell     | Found a gateway to the ashen valley of Gehenna.
110876 | Depths:3 | Voluntarily entered the Abyss.
111208 | Abyss:1  | Noticed a dread lich
111216 | Abyss:1  | Killed a dread lich
111355 | Abyss:3  | Found a burning altar of Makhleb.
111414 | Abyss:3  | Noticed a dread lich
111425 | Abyss:3  | Killed a dread lich
112172 | Abyss:3  | Got an abyssal rune of Zot
112263 | Depths:3 | Escaped the Abyss
112541 | Pan      | Entered Pandemonium
112987 | Pan      | Entered the realm of Gloorx Vloq.
113851 | Pan      | Noticed Gloorx Vloq
113864 | Pan      | Killed Gloorx Vloq
113874 | Pan      | Got a dark rune of Zot
114372 | Pan      | Noticed Woaroeron the pandemonium lord
114667 | Pan      | Killed Woaroeron the pandemonium lord
114782 | Pan      | Found a runed translucent door.
114796 | Pan      | Got a demonic rune of Zot
114886 | Pan      | Entered the realm of Lom Lobon.
115212 | Pan      | Found an exit through the horrors of the Abyss.
115232 | Pan      | Acquired 701 gold pieces
116090 | Pan      | Noticed Lom Lobon
116107 | Pan      | Killed Lom Lobon
116270 | Pan      | Got a magical rune of Zot
116823 | Pan      | Noticed Ovomp the pandemonium lord
116837 | Pan      | Killed Ovomp the pandemonium lord
116857 | Depths:2 | Escaped Pandemonium
117130 | Pan      | Entered the realm of Mnoleg.
117130 | Pan      | Entered Pandemonium
117222 | Pan      | Noticed Mnoleg
117250 | Pan      | Killed Mnoleg
117334 | Pan      | Got a glowing rune of Zot
117360 | Pan      | Found an exit through the horrors of the Abyss.
117499 | Pan      | Noticed Mocoefria the pandemonium lord
117514 | Pan      | Killed Mocoefria the pandemonium lord
117755 | Pan      | Entered the realm of Cerebov.
117811 | Pan      | Found the +6 sword of Cerebov {flame}
117811 | Pan      | Noticed Cerebov
117825 | Pan      | Killed Cerebov
117835 | Pan      | Identified the +11 hand axe of Chaos {vorpal, Int+4}
117839 | Pan      | Identified the +7 scythe of Gluttony {flame, Str+7}
117839 | Pan      | Identified the ring "Bezufan" {rC+ rCorr Int+3}
117870 | Pan      | Got a fiery rune of Zot
118231 | Pan      | Identified the +9 battleaxe "Racab" {vorpal, rCorr Str-4
                  | Int+4}
118290 | Pan      | Identified the ring "Ageidy" {rF+ rCorr MP+9 Int+4}
118296 | Pan      | Identified the +7 shortbow of Peb Qywa {vorpal, rPois
                  | Int+4}
118336 | Pan      | Acquired 783 gold pieces
118403 | Pan      | Identified the +0 plate armour of Beogh {rC+}
118518 | Pan      | Found an exit through the horrors of the Abyss.
118554 | Pan      | Took an exit into the Abyss.
118554 | Abyss:1  | Escaped into the Abyss
118554 | Abyss:1  | Found a corrupted altar of Lugonu.
118646 | Abyss:1  | Found a corrupted altar of Lugonu.
118709 | Depths:2 | Escaped the Abyss
118927 | Tar:1    | Entered Level 1 of Tartarus
119432 | Tar:2    | Reached skill level 27 in Axes
120728 | Tar:7    | Entered Level 7 of Tartarus
120864 | Tar:7    | Noticed a dread lich
120864 | Tar:7    | Noticed an ancient lich
120867 | Tar:7    | Noticed a dread lich
120871 | Tar:7    | Killed an ancient lich
120872 | Tar:7    | Reached skill level 10 in Throwing
120875 | Tar:7    | Killed a dread lich
120880 | Tar:7    | Killed a dread lich
120881 | Tar:7    | Reached skill level 15 in Evocations
121131 | Tar:7    | Found the +7 mace of Variability {chain chaos}
121773 | Tar:7    | Noticed Ereshkigal
121785 | Tar:7    | Killed Ereshkigal
121815 | Tar:7    | Got a bone rune of Zot
122084 | Coc:1    | Entered Level 1 of Cocytus
122089 | Coc:1    | Noticed a dread lich
122105 | Coc:1    | Killed a dread lich
122682 | Coc:3    | Noticed a juggernaut
122704 | Coc:3    | Killed a juggernaut
122730 | Coc:3    | Noticed a juggernaut
123330 | Coc:3    | HP: 11/244 [iron giant/iron shot (30)]
123773 | Depths:2 | Killed a juggernaut
124283 | Hell     | Donated 3039 gold pieces to Zin
126143 | Coc:5    | Paralysed by a wendigo for 1 turns
126976 | Coc:6    | Killed from afar by an elemental wellspring

Illustrated notes

Levels and vault maps discovered:
D:1:      dpeg_arrival_tiny_d, layout_basic
D:2:      layout_loops_corners
D:3:      layout_basic, mainiacjoe_overflow_swirl,
          nicolae_ecumenical_snake_handling, small_statue_alley_b, uniq_terence
D:4:      kennysheep_the_goblin_king, layout_loops_ring, temple_statues,
          serial_co_window_serial, co_window_cross_1, co_window_cross_1,
          co_window_corner_a, co_window_paths_a, co_window_corner_a,
          co_window_corner_a, co_window_paths_b, co_window_paths_c,
          co_window_broadway_c, co_window_unsneaky_path_c, glass_columns_c,
          glass_columns_a, minmay_mini_jars
D:5:      layout_basic, mainiacjoe_overflow_24_doors
D:6:      layout_loops_ring, chequers_temple_overflow_statue_of_worship,
          nicolae_tso_swordbearing_angel, gup_sewer_entry_spiral, uniq_maggie,
          uniq_prince_ribbit1
D:7:      nicolae_cairo_tiling_very_big, layout_gridville
D:8:      layout_basic, minmay_overflow_temple_star_hex, enter_bailey_2,
          nrook_loot_triangle, uniq_grum
D:9:      layout_gridville, due_lair_maze_entry_diamond,
          kennysheep_generic_room_11
D:10:     layout_loops_ring, uniq_erolcha, uniq_snorg
D:11:     layout_long_grid, erik_orc_2
D:12:     layout_cave_pods, enter_trove_2, gammafunk_ghost_grave,
          nicolae_elyvilon_peaceful_grove, uniq_jorgrun
D:13:     layout_stronghold, ximxim_vaults_locker_room
D:14:     cheibrodos_shockbox, layout_rooms
D:15:     gammafunk_depths_entry_grave, layout_loops_cross, serial_undead,
          serial_undead_f, serial_undead_d, serial_undead_a, serial_undead_f,
          serial_undead_a, serial_undead_d, minivault_1, uniq_azrael
Temple:   minmay_temple_curvy_loop
Lair:1:   layout_chaotic_city, serial_bayou_pond_e
Lair:2:   layout_hall_layers, nicolae_volcano_entry_lava_flow,
          grunt_megastairs_3
Lair:3:   layout_chaotic_city, nicolae_spider_entry_non_spiders,
          gauntlet_entry_generic
Lair:4:   layout_misc_corridors, swamp_mist_pool,
          portal_ice_cave_entry_ice_simulacra
Lair:5:   layout_gridlike
Lair:6:   evil_forest, layout_layer_cave, nicolae_slime_entry_slimehenge
Swamp:1:  layout_falls_marsh, evilmike_swamp_ruin_rubble_1, swamp_pool4
Swamp:2:  layout_basic_swamp, gammafunk_ghost_grave, evilmike_swamp_ruin_house_3
Swamp:3:  layout_basic_swamp, evilmike_swamp_ruin_house_1, swamp_pool1
Swamp:4:  byrel_swamp_growth_death_and_undeath, layout_basic_swamp, swamp_pool5,
          evilmike_swamp_ruin_house_5, nicolae_swamp_super_fun_site
Spider:1: layout_spider_delve, gammafunk_ghost_grave,
          einodemon_crawler_minivault
Spider:2: layout_chambers, spiders_nest_spider_trap,
          hangedman_spider_tarantella_strand
Spider:3: nicolae_spider_hilbert_zone_1 [nicolae_spider_hilbert_4_sides_1_open,
          nicolae_spider_hilbert_4_sides_1_open,
          nicolae_spider_hilbert_4_sides_1_open,
          nicolae_spider_hilbert_4_sides_1_open,
          nicolae_spider_hilbert_3_sides_1_open,
          nicolae_spider_hilbert_3_sides_1_open,
          nicolae_spider_hilbert_3_sides_1_open,
          nicolae_spider_hilbert_3_sides_1_open,
          nicolae_spider_hilbert_3_sides_1_open,
          nicolae_spider_hilbert_6_sides_1_open,
          nicolae_spider_hilbert_6_sides_1_open,
          nicolae_spider_hilbert_3_sides_1_open,
          nicolae_spider_hilbert_3_sides_1_open,
          nicolae_spider_hilbert_3_sides_1_open,
          nicolae_spider_hilbert_3_sides_1_open,
          nicolae_spider_hilbert_2_sides_1_open], uniq_roxanne, uniq_mara,
          uniq_aizul
Spider:4: grunt_spider_rune_circles, spiders_nest_the_unseen
Slime:1:  cheibrodos_slime_lost_civilization_9, layout_caves
Slime:2:  layout_caves, cheibrodos_slime_lost_civilization_4
Slime:3:  layout_caves
Slime:4:  layout_caves, amcnicky_altar_lugonu_corruption
Slime:5
Orc:1:    layout_caves, serial_shops, shop, statue_in_the_mist_lemuel,
          lemuel_statue_altar
Orc:2:    st_orc_mages, layout_caves, serial_shops,
          nicolae_shop_temple_entry_statues_fountains, nicolae_orc_tapped_out
Elf:1:    layout_gridlike, minmay_elf_sorcery, nicolae_elf_big_sculpture_1
Elf:2:    elven_hall_of_blades_hangedman_alternative
          [nicolae_blade_entry_hurt_lockers], layout_onion_city, serial_shops,
          shop, nicolae_shop_trees
Elf:3:    minmay_elf_hall_quartered_circle, layout_loops_cross
Vaults:1: hangedman_vaults_stream, dpeg_vaults_monster_row,
          hangedman_vaults_pinch, vaults_room_door_hall,
          ontoclasm_vaults_ligature, v_misc_9, nicolae_vaults_ninety_degrees,
          vaults_mumra_lcd, ontoclasm_vaults_fault, vaults_mumra_chevron,
          st_smaller_cells, layout_vaults_maze_bifur, serial_shops, shop
Vaults:2: vaults_mumra_chevron_long, v_misc_28, vaults_mumra_hexcomb,
          ontoclasm_vaults_misaligned, hangedman_vaults_stitches,
          nicolae_vaults_rhombus_6, vaults_mumra_minichess_inversion, v_misc_29,
          layout_vaults_big_room, serial_shops, shop
Vaults:3: gammafunk_ghost_fury_of_okawaru, ontoclasm_vaults_bender,
          minmay_crypt_entry_simple_statues, vaults_dpeg_ring,
          nicolae_vaults_hallways_thing, v_alt_pattern_6, v_misc_29,
          nicolae_vaults_bisected_slash, v_misc_27, grunt_vaults_focal,
          vaults_dpeg_doors, v_pattern_4, layout_vaults_omnicross, serial_shops,
          nicolae_diamond_shop, shop
Vaults:4: infiniplex_enter_wizlab_water, hangedman_vaults_locks,
          grunt_vaults_bifocal, v_misc_33, nicolae_vaults_little_ls,
          vaults_dpeg_spiral, v_misc_29, ontoclasm_vaults_shuriken, v_misc_5,
          vaults_room_door_hall, vaults_room_semicircle, ontoclasm_vaults_chip,
          layout_vaults_omnibox
Vaults:5: serial_shops
Crypt:1:  gammafunk_its_a_trap, layout_chaotic_city, minivault_24, st_stairs_2,
          nicolae_danse_macabre, uniq_bai_suzhen
Crypt:2:  layout_basic
Crypt:3:  david_glass_crypt, layout_chaotic_city, tomb_entry_forgotten_bobbens,
          uniq_margery
Depths:1: layout_basic, abyss_entry, hellmouth_1, serial_glass, glass_columns_a,
          glass_columns_a, nicolae_sextant, nicolae_kikubaaqudgha_miasma_corner
Depths:2: minmay_the_grid_square_5x5_4x4_mashed
          [minmay_the_grid_square_5x5_fancy_junction,
          minmay_the_grid_square_5x5_forky,
          minmay_the_grid_square_5x5_almost_minimal,
          minmay_the_grid_square_5x5_c,
          minmay_the_grid_square_5x5_checkered_statues,
          minmay_the_grid_square_5x5_prize_monsterx,
          minmay_the_grid_square_5x5_prize_rear_guard,
          minmay_the_grid_square_5x5_minivault,
          minmay_the_grid_square_5x5_lines,
          minmay_the_grid_square_5x5_prize_snowflake,
          minmay_the_grid_square_5x5_prize_open,
          minmay_the_grid_square_5x5_fat_x, minmay_the_grid_square_5x5_bite,
          minmay_the_grid_square_5x5_inset,
          minmay_the_grid_square_5x5_sharp_hourglass,
          minmay_the_grid_square_5x5_gyroscope], layout_gridville, pan_entry,
          corexii_leaking_fountain, hell_entry, serial_shops,
          nicolae_diamond_shop, nicolae_shop_temple_entry_statues_fountains,
          minmay_shoptagon
Depths:3: hangedman_pleasuredromes, abyss_entry, hell_entry
Depths:4: grunt_twist_and_shout, layout_gridlike, rand_demon_pan_entry_9,
          chequers_serial_rivers_room_b, hell_entry, serial_shops,
          nicolae_shop_bloodbath_and_beyond, minmay_misc_feat_tiny,
          minmay_shop_grove
Hell
Coc:1:    layout_cocytus_delve
Coc:2:    layout_ice_bergs
Coc:3:    nicolae_hells_titanomachy
Coc:4:    nicolae_coc_through_the_icewall, layout_cocytus_water_paths
Coc:5:    layout_cocytus_delve
Coc:6:    nicolae_coc_caina, layout_cocytus_water_paths
Tar:1:    nicolae_hells_demon_pit, layout_cathedral_of_symmetry
Tar:2:    layout_grid_maze
Tar:3:    layout_catacombs
Tar:4:    layout_honeycomb
Tar:5:    layout_catacombs, nicolae_tar_cuneiform_bird
Tar:6:    layout_cathedral_of_symmetry, nicolae_hells_hurtin_island
Tar:7:    tar_old
Zot:1:    layout_onion_interference, hangedman_zot_gyre,
          st_single_dragon_hoard_3
Zot:2:    nicolae_zot_stationary_front, layout_basic
Zot:3:    nicolae_zot_draconian_monastery, layout_twisted_circle
Zot:4:    ebering_greatest_show_in_zot, layout_misc_corridors, st_stairs_4,
          grunt_ministairs_8
Zot:5:    layout_misc_corridors, ebering_ghost_reflecting_pool,
          hangedman_zot_decor_checkerboard

Skill      XL: |  1  2  3  4  5  6  7  8  9 10 11 12 13 14 15 16 17 18 19 20 21 22 23 24 25 26 27 |
---------------+----------------------------------------------------------------------------------+-----
Axes           | 3 4 5 7 8 9 11 13 15 17 18 19 20 27 | 27.0
Fighting       | 4 5 6 7 8 9 11 13 15 17 20 21 23 25 27 | 27.0
Invocations    | 1 4 6 9 12 13 16 19 22 24 27 | 27.0
Armour         | 6 8 10 12 14 15 17 19 20 22 27 | 27.0
Shields        | 6 8 10 11 12 14 16 18 20 21 23 24 25 27 | 27.0
Dodging        | 1 4 6 8 11 21 | 21.8
Evocations     | 6 9 13 17 | 17.3
Throwing       | 4 8 13 | 13.2

Action                   |  1- 3 |  4- 6 |  7- 9 | 10-12 | 13-15 | 16-18 | 19-21 | 22-24 | 25-27 || total
-------------------------+-------+-------+-------+-------+-------+-------+-------+-------+-------++-------
Melee: War axe           |   105 |   115 |   350 |   701 |   116 |       |       |       |       ||  1387
       Broad axe         |       |       |       |       |   185 |  1283 |  1775 |  1863 |  5699 || 10805
       Battleaxe         |       |       |       |       |   368 |   270 |       |       |       ||   638
Throw: Dart              |       |     5 |       |    26 |     1 |     8 |     5 |       |       ||    45
       Javelin           |       |       |       |       |       |    16 |     6 |       |     2 ||    24
Invok: Heroism           |       |       |     1 |    11 |    15 |    27 |    30 |     3 |       ||    87
       Finesse           |       |       |       |     2 |     1 |     5 |     3 |       |       ||    11
       Duel              |       |       |       |       |       |     1 |     1 |       |       ||     2
       Vitalisation      |       |       |       |       |       |       |       |     6 |    37 ||    43
       Divine Shield     |       |       |       |       |       |       |       |     2 |       ||     2
       Recite            |       |       |       |       |       |       |       |     4 |    64 ||    68
       Donate Gold       |       |       |       |       |       |       |       |     1 |     1 ||     2
       Cleansing Flame   |       |       |       |       |       |       |       |     1 |       ||     1
       Summon Divine War |       |       |       |       |       |       |       |     1 |       ||     1
       Sanctuary         |       |       |       |       |       |       |       |       |     5 ||     5
Evoke: Wand              |       |       |     9 |    16 |       |       |       |     1 |    13 ||    39
       Lightning rod     |       |       |       |     2 |     1 |     2 |       |     4 |       ||     9
       Condenser vane    |       |       |       |       |       |     1 |       |       |       ||     1
       Tin of tremorston |       |       |       |       |       |     1 |       |       |     9 ||    10
       Box of beasts     |       |       |       |       |       |       |       |     1 |       ||     1
  Use: Scroll            |       |       |    11 |    15 |     8 |     4 |    10 |     7 |    29 ||    84
       Potion            |       |       |       |       |     5 |     5 |     9 |     7 |    26 ||    52
 Stab: Distracted        |       |       |       |       |       |       |     2 |       |     5 ||     7
       Confused          |       |       |       |       |       |       |       |     5 |   143 ||   148
       Paralysed         |       |       |       |       |       |       |       |       |    11 ||    11
       Invisible         |       |       |       |       |       |       |       |       |     3 ||     3
Armor: Scale mail        |    54 |    46 |       |       |       |       |       |       |       ||   100
       Chain mail        |       |    11 |   174 |   231 |   264 |   686 |   497 |   421 |   189 ||  2473
       Fire dragon scale |       |       |       |       |     5 |       |       |       |       ||     5
       Plate armour      |       |       |       |       |       |       |    83 |       |   691 ||   774
       Gold dragon scale |       |       |       |       |       |       |       |       |   682 ||   682
Dodge: Dodged            |    51 |    44 |   103 |   152 |   240 |   535 |   539 |   384 |  1979 ||  4027
Block: Buckler           |    35 |    17 |    66 |   252 |   137 |       |       |       |       ||   507
       Reflection        |       |       |       |    10 |     3 |    29 |    65 |    64 |     9 ||   180
       Other             |       |       |       |       |    68 |    51 |       |       |       ||   119
       Tower shield      |       |       |       |       |       |  1622 |  2368 |  1958 |  5821 || 11769

Table legend: (Time is in decaauts)
 A = Elapsed time spent in this place.
 B = Non-inter-level travel time spent in this place.
 C = Inter-level travel time spent in this place.
 D = Time resting spent in this place.
 E = Time spent auto-exploring this place.
 F = Levels seen in this place.
 G = Mean time per level.
                   A        B        C        D        E       F      G
               +--------+--------+--------+--------+--------+-----+--------+
         Total | 124630 | 115668 |   8962 |  25185 |  64492 | 126 |  989.1 |
       Dungeon |  21199 |  17939 |   3260 |   1402 |  13854 |  15 | 1413.3 |
        Temple |    267 |    200 |     67 |      0 |    195 |   1 |  267.0 |
          Lair |   8538 |   7682 |    856 |   2557 |   4107 |   6 | 1423.0 |
         Swamp |   7655 |   7509 |    146 |   2319 |   3996 |   4 | 1913.8 |
   Spider Nest |   9074 |   8804 |    270 |   2629 |   4419 |   4 | 2268.5 |
    Slime Pits |   4442 |   3892 |    550 |   1207 |   1870 |   5 |  888.4 |
  Orcish Mines |   3679 |   3408 |    271 |   1260 |   1491 |   2 | 1839.5 |
   Elven Halls |   5060 |   4569 |    491 |    452 |   3032 |   3 | 1686.7 |
        Vaults |  10747 |   9572 |   1175 |    697 |   6714 |   5 | 2149.4 |
         Crypt |   3776 |   3430 |    346 |      2 |   2805 |   3 | 1258.7 |
        Depths |  12173 |  11424 |    749 |   4454 |   5194 |   4 | 3043.2 |
          Hell |   3206 |   3122 |     84 |   2228 |    548 |   1 | 3206.0 |
       Cocytus |   2352 |   2003 |    349 |    292 |   1214 |   6 |  392.0 |
      Tartarus |   2475 |   2347 |    128 |    557 |   1144 |   7 |  353.6 |
           Zot |   7666 |   7449 |    217 |   1930 |   4337 |   5 | 1533.2 |
         Abyss |   6756 |   6756 |      0 |    501 |   1580 |  18 |  375.3 |
   Pandemonium |   5478 |   5478 |      0 |    225 |   3231 |  11 |  498.0 |
      Ziggurat |   4344 |   4344 |      0 |   1111 |   2118 |  17 |  255.5 |
         Trove |     36 |     36 |      0 |      0 |      2 |   1 |   36.0 |
         Sewer |    904 |    904 |      0 |      0 |    675 |   1 |  904.0 |
        Bailey |    884 |    884 |      0 |      7 |    571 |   1 |  884.0 |
      Ice Cave |    241 |    241 |      0 |    179 |      0 |   1 |  241.0 |
       Volcano |    647 |    647 |      0 |    198 |    202 |   1 |  647.0 |
        Wizlab |   2038 |   2038 |      0 |    736 |    863 |   1 | 2038.0 |
      Gauntlet |    958 |    958 |      0 |    236 |    327 |   1 |  958.0 |
         Arena |     23 |     23 |      0 |      0 |      0 |   2 |   11.5 |
               +--------+--------+--------+--------+--------+-----+--------+

Top non-repeatable levels by time:
Depths:3: 4381 daAuts
Spider:3: 4109 daAuts
    Hell: 3206 daAuts
Depths:2: 3160 daAuts
  Lair:6: 2825 daAuts
Depths:1: 2726 daAuts
   Elf:2: 2460 daAuts
   Zot:3: 2404 daAuts
 Swamp:1: 2399 daAuts
  Lair:3: 2396 daAuts
 Abyss:3: 2384 daAuts
Vaults:2: 2356 daAuts
Vaults:1: 2225 daAuts
Vaults:3: 2129 daAuts
    D:12: 2106 daAuts
